 Dungeon Crawl Stone Soup version 0.31.0-9-g3a7656b989 (webtiles) character file.

Game seed: 3843282814580055417

98 qw the Shooter (level 4, -1/23 HPs)
             Began as a Spriggan Hunter on Feb 2, 2024.
             Incinerated by a bombardier beetle (4 damage)
             ... with a burning spray
             ... on level 3 of the Dungeon.
             The game lasted 00:00:08 (2067 turns).

qw the Shooter (Spriggan Hunter)                    Turns: 2067, Time: 00:00:08

Health: -1/23      AC:  3    Str:  5 (7)  XL:     4   Next: 43%
Magic:  5/5        EV: 19    Int:  9 (10) God:
Gold:   125        SH:  0    Dex: 19 (20) Spells: 3/3 levels left

rFire   . . .        a - +2 shortbow
rCold   . . .        (shield currently unavailable)
rNeg    . . .        c - +0 robe
rPois   .            (helmet restricted)
rElec   .            j - +0 cloak
rCorr   .            (gloves unavailable)
SInv    +            (boots unavailable)
Will    .....        h - amulet of the acrobat
Stlth   +            (no ring)
HPRegen 0.23/turn    (no ring)
MPRegen 0.09/turn

%: acrobat
@: on fire, glowing, very quick
A: very small, no large weapons, unfitting armour, see invisible, speed 3, horns
1, screaming 1, sturdy frame 1
a: no special abilities


You were on level 3 of the Dungeon.
You visited 1 branch of the dungeon, and saw 3 of its levels.

You collected 125 gold pieces.


Innate Abilities, Weirdness & Mutations

You are very small and have problems with some larger weapons.
You are too small for most types of armour.
You have supernaturally acute eyesight. (SInv)
You cover ground extremely quickly. (Speed+++)
You have a pair of small horns on your head.
You occasionally shout uncontrollably at your foes.
Your movements are slightly less encumbered by armour. (ER -2)


   Skills:
 - Level 1.9 Fighting
 - Level 5.0 Ranged Weapons
 + Level 4.5 Dodging
 - Level 1.5 Stealth


You had 3 spell levels left.
You didn't know any spells.
Your spell library was empty.

Inventory:

Hand Weapons
 a - a +2 shortbow (weapon)
Armour
 c - a +0 robe (worn)
 j - a +0 cloak (worn)
Jewellery
 h - an amulet of the acrobat (around neck)
Wands
 f - a wand of polymorph (8)
 g - a wand of flame (7)
Potions
 b - a potion of ambrosia {unknown}
 d - a potion of enlightenment {unknown}
 e - a potion of mutation
 i - a potion of resistance {unknown}
 k - a potion of magic {unknown}

Dungeon Overview and Level Annotations

Branches:
Dungeon (3/15)

Altars:
Wu Jian


Message History

The arrow hits the bombardier beetle but does no damage.
You shoot an arrow. The arrow hits the bombardier beetle!
The bombardier beetle is severely wounded.
A ball python comes into view.
You shoot an arrow. The ball python hisses angrily.
The arrow hits the bombardier beetle.
The bombardier beetle is almost dead.
The bombardier beetle sprays incendiary fluid at you.
The burning spray hits you.
You are covered in liquid fire!
You shoot an arrow.
The arrow hits the bombardier beetle but does no damage.
The bombardier beetle is almost dead.
The liquid fire burns you!
The ball python enters a dispersal trap!
The bombardier beetle blinks!
You blink.
The ball python blinks!
You shoot an arrow.
The arrow barely misses the ball python.
The liquid fire burns you!
You shoot an arrow.
The arrow closely misses the ball python.
The liquid fire burns you!
You shoot an arrow. The arrow hits the ball python.
The ball python is moderately wounded.
The liquid fire burns you! The ball python barely misses you.
The ball python closely misses you. x3
You shoot an arrow.
The arrow closely misses the ball python.
The liquid fire burns you!
The ball python bites you but does no damage.
The ball python grabs you. The ball python constricts you.
You shoot an arrow.
The arrow closely misses the ball python.
The liquid fire burns you! The ball python completely misses you.
The ball python constricts you.
You shoot an arrow. The arrow hits the ball python!
You kill the ball python!
The liquid fire burns you!
You die...

....#.####.#
.#......#.#
.###.#.#..# .#
#..###.#### ####.#
#.## ##...#
.....####.###.##.##
#^......#.#......#
#.......#..####..##
#.@.....#.## #....
#.%.......# #....
#.......### #....
#.......# ####.###
#.......# #....#
######### #.####
#.# #.# #.######


There were no monsters in sight!

Vanquished Creatures
  Robin (D:2)
  3 adders (D:2)
  4 ribbon worms
  A dart slug (D:2)
  6 endoplasms
  A giant cockroach (D:3)
  10 goblins
  6 hobgoblins
  2 jackals (D:3)
  4 kobolds
  A quokka (D:2)
  2 ball pythons
  2 bats
  3 rats
46 creatures vanquished.

Notes
Turn   | Place    | Note
-------+----------+-------------------------------------------
     0 | D:1      | qw the Spriggan Hunter began the quest for the Orb.
     0 | D:1      | Reached XP level 1. HP: 10/10 MP: 2/2
     0 | D:1      | 0 ||| qw: Version: 0.3-a-155-g5e7d8dd
     0 | D:1      | 0 ||| qw: Game counter: 2806
     0 | D:1      | 0 ||| qw: Melee chars always use a shield: true
     0 | D:1      | 0 ||| qw: God list: Okawaru
     0 | D:1      | 0 ||| qw: Allow faded altars: false
     0 | D:1      | 0 ||| qw: Do Orc after clearing Dungeon:15 true
     0 | D:1      | 0 ||| qw: Do second Lair branch before Depths: true
     0 | D:1      | 0 ||| qw: Lair rune preference: random
     0 | D:1      | 0 ||| qw: Goals: Normal
     0 | D:1      | 0 ||| PLANNING D:1-11
    81 | D:1      | Reached skill level 3 in Dodging
   241 | D:1      | Reached XP level 2. HP: 14/14 MP: 3/3
   364 | D:1      | Found a faded altar of an unknown god.
   451 | D:1      | You fall into a shaft and drop 1 floor!
   544 | D:2      | Found an ornate altar of the Wu Jian Council.
   688 | D:2      | Reached XP level 3. HP: 18/18 MP: 4/4
   701 | D:2      | 701 ||| UPGRADING to +0 cloak.
   706 | D:2      | 706 ||| READING scroll labelled KYWIRUCZOSM.
   707 | D:2      | 707 ||| READING scroll labelled SOMOOQ ZECUIC.
   708 | D:2      | 708 ||| READING scroll labelled AHEIHU CABBO.
   809 | D:2      | 809 ||| READING scroll labelled LUJECI DOYJE.
   810 | D:2      | 810 ||| READING scroll labelled NIESEADENI.
   911 | D:2      | 911 ||| READING scroll labelled IDO DAZUNITT.
   911 | D:2      | 911 ||| ENCHANTING +0 shortbow.
   912 | D:2      | 912 ||| DRINKING 2 fuming amethyst potions.
   913 | D:2      | 913 ||| DROPPING scroll of butterflies.
   914 | D:2      | 914 ||| DROPPING potion of degeneration.
  1091 | D:1      | 1091 ||| READING scroll of enchant weapon.
  1091 | D:1      | 1091 ||| ENCHANTING +1 shortbow.
  1116 | D:1      | 1116 ||| DRINKING 2 ruby potions.
  1116 | D:1      | Gained mutation: You occasionally shout uncontrollably at
                  | your foes. [potion of mutation]
  1116 | D:1      | Gained mutation: You have a pair of small horns on your
                  | head. [potion of mutation]
  1116 | D:1      | Gained mutation: Your movements are slightly less
                  | encumbered by armour. (ER -2) [potion of mutation]
  1437 | D:2      | Noticed Robin
  1454 | D:2      | Killed Robin
  1455 | D:2      | Reached skill level 5 in Ranged Weapons
  1455 | D:2      | Reached XP level 4. HP: 9/22 MP: 5/5
  1826 | D:2      | 1826 ||| UPGRADING to amulet of the acrobat.
  1831 | D:2      | 1831 ||| READING scroll labelled ROENAPREJU.
  1834 | D:2      | 1834 ||| READING scroll labelled MUYPNU KOJEL.
  2065 | D:3      | HP: 5/23 [burnt (4)]
  2067 | D:3      | Incinerated by a bombardier beetle

Levels and vault maps discovered:
D:1:      evilmike_arrival_plus, layout_loops_ring,
          hellmonk_ecumenical_altar_arch_garden, chequers_arboretum,
          minmay_tromino_v2
D:2:      layout_loops_corners, basic_altar, uniq_robin
D:3:      layout_loops_cross

Skill      XL: |  1  2  3 |
---------------+----------+-----
Dodging        | 3 4 |  4.5
Ranged Weapons | 5 |  5.0
Fighting       | |  1.9
Stealth        | |  1.5

Action                     |  1- 3 |  4- 6 || total
---------------------------+-------+-------++-------
   Fire: Shortbow          |    70 |    49 ||   119
    Use: Scroll            |     7 |     2 ||     9
         Potion            |     2 |       ||     2
 Armour: Robe              |    13 |     3 ||    16
  Dodge: Dodged            |    14 |    12 ||    26

Table legend:
 A = Non-vault XP
 B = Vault XP
 C = Vault XP percentage of total XP
 D = Non-vault monster count
 E = Vault monster count
 F = Vault count percentage of total count
                 A         B        C        D         E       F
            +---------+---------+-------+---------+---------+-------
      Total |     101 |      40 |  28.4 |      32 |      14 |  30.4
            +---------+---------+-------+---------+---------+-------
        D:1 |      12 |       3 |  20.0 |       7 |       2 |  22.2
        D:2 |      71 |      37 |  34.3 |      15 |      12 |  44.4
        D:3 |      18 |       0 |   0.0 |      10 |       0 |   0.0
            +---------+---------+-------+---------+---------+-------
